 Dungeon Crawl Stone Soup version 0.23.2-30-g0e89c35649 (webtiles) character file.

Game seed: 10238462933171498476

1702 Belius the Covert (level 8, -2/41 HPs)
             Began as a Deep Elf Enchanter on June 19, 2019.
             Was an Initiate of Dithmenos.
             Killed from afar by an electric eel (9 damage)
             ... with a bolt of electricity
             ... on level 6 of the Dungeon.
             The game lasted 00:17:44 (7880 turns).

Belius the Covert (Deep Elf Enchanter)              Turns: 7880, Time: 00:17:44

Health: -2/41      AC:  2    Str:  5    XL:     8   Next: 73%
Magic:  19/22      EV: 19    Int: 21    God:    Dithmenos [......]
Gold:   318        SH:  0    Dex: 17    Spells: 18/24 levels left

rFire    . . .     SeeInvis .   C - +2 dagger (elec)
rCold    . . .     Gourm    .   (no shield)
rNeg     . . .     Faith    .   b - +0 robe
rPois    .         Spirit   .   (no helmet)
rElec    .         Reflect  .   (no cloak)
rCorr    .         Harm     .   (no gloves)
MR       .....                  (no boots)
Stlth    +++++.....             s - amulet of magic regeneration
HPRegen  0.13/turn              d - +5 ring of evasion
MPRegen  0.43/turn              D - ring of wizardry

@: no status effects
A: no striking features
a: Renounce Religion


You were on level 6 of the Dungeon.
You worshipped Dithmenos.
Dithmenos was noncommittal.
You were not hungry.

You visited 1 branch of the dungeon, and saw 6 of its levels.

You collected 318 gold pieces.

Inventory:

Hand Weapons
 C - a +2 dagger of electrocution (weapon)
Armour
 b - a +0 robe (worn)
Jewellery
 a - an uncursed ring of fire
 c - a +3 ring of protection
 d - a +5 ring of evasion (left hand)
 o - a cursed amulet of inaccuracy {unknown}
 s - an amulet of magic regeneration (around neck)
 x - an uncursed ring of ice
 y - an uncursed amulet of the acrobat {unknown}
 B - an uncursed amulet of harm {unknown}
 D - a ring of wizardry (right hand)
Wands
 l - a wand of digging (4)
Scrolls
 e - a scroll of noise {unknown}
 g - 2 scrolls of remove curse
 j - a scroll of fear {unknown}
 k - 3 scrolls of blinking {unknown}
 q - a scroll of enchant weapon
 t - 2 scrolls of enchant armour {unknown}
 v - a scroll of random uselessness {unknown}
 z - a scroll of identify
 A - 2 scrolls of immolation {unknown}
Potions
 h - a potion of agility {unknown}
 i - a potion of resistance {unknown}
 m - 2 potions of lignification
 r - a potion of degeneration {unknown}
 u - a potion of heal wounds {unknown}
 w - a potion of flight {unknown}
Comestibles
 n - a chunk of flesh
 p - 6 rations


   Skills:
 + Level 3.2 Short Blades
 + Level 4.1 Dodging
 + Level 9.9 Stealth
 + Level 8.7 Spellcasting
 - Level 4.0 Hexes
 + Level 4.1 Ice Magic


You had 18 spell levels left.
You knew the following spells:

 Your Spells              Type           Power        Failure   Level  Hunger
a - Corona                Hex            ####...      1%          1    None
b - Ensorcelled Hibernat  Hex/Ice        ####..       1%          2    None
c - Confuse               Hex            ####....     1%          3    None

Your spell library contained the following spells:

 Spells                   Type           Power        Failure   Level  Hunger
 Tukima's Dance           Hex            ####....     1%          3    None
 Summon Small Mammal      Summ           #...         3%          1    None
 Call Imp                 Summ           #.......     4%          2    None
 Dazzling Spray           Conj/Hex       ###...       4%          3    None
 Summon Guardian Golem    Hex/Summ       ###.....     4%          3    None
 Call Canine Familiar     Summ           #.......     9%          3    None
 Summon Ice Beast         Ice/Summ       ###.....     12%         4    ###....
 Summon Lightning Spire   Summ/Air       #.......     28%         4    ###....


Dungeon Overview and Level Annotations

Branches:
Dungeon (6/15)             Temple (0/1) D:6

Altars:
Dithmenos
Elyvilon
Fedhas
Gozag
Hepliaklqana
Kikubaaqudgha
Makhleb
Nemelex Xobeh
Qazlal
Sif Muna
Uskayaw

Shops:
D:4 }   D:5 *   D:6 :


Message History

An electric eel comes into view.
Casting: Ensorcelled Hibernation (safe; 1% risk of failure)
Confirm with . or Enter, or press ? or * to list all spells.
Aiming: Ensorcelled Hibernation (safe; 1% risk of failure)
Press: ? - help, Shift-Dir - straight line, f - electric eel
Aim: an electric eel (water, chance to defeat MR: 64%)
The electric eel resists with significant effort.
The electric eel shoots out a bolt of lightning at you!
The bolt of electricity hits you! x2
Casting: Ensorcelled Hibernation (safe; 1% risk of failure)
Confirm with . or Enter, or press ? or * to list all spells.
Aiming: Ensorcelled Hibernation (safe; 1% risk of failure)
Press: ? - help, Shift-Dir - straight line, f/p - electric eel
Aim: an electric eel (water, chance to defeat MR: 64%)
The electric eel resists with significant effort.
The electric eel shoots out a bolt of lightning at you!
The bolt of electricity hits you!
* * * LOW HITPOINT WARNING * * *
The bolt of electricity hits you!
You die...

♣≈.≈♣♣♣≈≈≈♣♣♣≈.##..#
♣≈.≈♣ ♣≈≈≈♣ ♣≈.....#
♣♣≈≈≈♣♣♣≈≈≈♣♣♣≈≈###.#
≈≈≈≈≈≈≈≈≈.≈≈≈≈≈.###.#
.≈o....≈≈.≈.≈≈≈≈....#
≈≈≈o≈≈≈≈≈≈≈≈≈≈≈..####
♣≈.≈♣♣♣≈.≈♣♣♣≈≈.#
♣;≈≈♣ ♣≈≈≈♣ ♣≈..#
♣♣§.≈♣♣♣≈≈≈ ♣≈≈@#
§§§§≈≈≈≈≈.≈≈;≈≈.>#
o§§§.≈≈≈≈....≈≈..#
§§§..............#
§§§§..........####
########.##### # .# #
# #


You could see an electric eel.

Vanquished Creatures
  Grinder (D:5)
  Edmund (D:6)
  An ice beast (D:5)
  An orc warrior (D:6)
  A phantom (D:6)
  2 ogres
  3 centaurs (D:6)
  3 electric eels (D:6)
  A crimson imp (D:6)
  2 centaur skeletons
  An orc priest (D:6)
  3 orc wizards
  2 iguanas
  2 worker ants
  A hound skeleton (D:6)
  11 adders
  2 shadow imps
  An ooze (D:1)
  A worm (D:2)
  5 dart slugs
  4 leopard geckos
  17 orcs
  A ball python (D:1)
  6 giant cockroaches
  17 goblins
  14 hobgoblins
  3 kobolds
  3 quokkas
  9 bats
  7 frilled lizards
  A leopard gecko zombie (D:5)
  A quokka zombie (D:3)
  8 rats
136 creatures vanquished.

Notes
Turn   | Place    | Note
-------+----------+-------------------------------------------
     0 | D:1      | Belius the Deep Elf Enchanter began the quest for the Orb.
     0 | D:1      | Reached XP level 1. HP: 10/10 MP: 6/6
   248 | D:1      | Reached skill level 4 in Stealth
   303 | D:1      | Reached XP level 2. HP: 12/15 MP: 6/8
   320 | D:1      | Learned a level 2 spell: Ensorcelled Hibernation
   543 | D:1      | Found a sparkling altar of Nemelex Xobeh.
   985 | D:1      | Reached XP level 3. HP: 15/19 MP: 0/9
  1322 | D:1      | Found a hide-covered altar of Uskayaw.
  1405 | D:2      | Found a blossoming altar of Fedhas.
  1590 | D:2      | Reached XP level 4. HP: 22/24 MP: 4/11
  1748 | D:2      | Reached skill level 5 in Stealth
  2135 | D:2      | Found a hazy altar of Hepliaklqana.
  2136 | D:2      | Found a burning altar of Makhleb.
  2137 | D:2      | Found a deep blue altar of Sif Muna.
  2756 | D:3      | Reached skill level 1 in Ice Magic
  3004 | D:3      | Reached XP level 5. HP: 28/28 MP: 3/13
  3203 | D:3      | Learned a level 3 spell: Confuse
  3234 | D:3      | Reached skill level 6 in Stealth
  3625 | D:3      | Found a stormy altar of Qazlal.
  3842 | D:4      | Found Ulyut's Gadget Emporium.
  4379 | D:4      | Noticed an ogre
  4385 | D:4      | Killed an ogre
  4385 | D:4      | Reached skill level 5 in Spellcasting
  4385 | D:4      | Reached XP level 6. HP: 28/32 MP: 11/15
  4887 | D:5      | Entered Level 5 of the Dungeon
  5023 | D:5      | Noticed Grinder
  5027 | D:5      | Paralysed by Grinder for 5 turns
  5030 | D:5      | HP: 1/32 [Grinder (2)]
  5036 | D:5      | Found Gozag's Platinum Reserve.
  5050 | D:5      | HP: 1/48 [Grinder (4)]
  5053 | D:5      | Killed Grinder
  5053 | D:5      | Reached skill level 7 in Stealth
  5053 | D:5      | Reached XP level 7. HP: 2/36 MP: 7/18
  5349 | D:5      | Found a hide-covered altar of Uskayaw.
  5627 | D:5      | Reached skill level 8 in Stealth
  5696 | D:5      | Found an ancient bone altar of Kikubaaqudgha.
  5985 | D:5      | Found an opulent altar of Gozag.
  6052 | D:5      | Found a shadowy altar of Dithmenos.
  6060 | D:5      | Became a worshipper of Dithmenos the Shadowed
  6532 | D:6      | Found a staircase to the Ecumenical Temple.
  6567 | D:6      | Found Usaahebb's Book Emporium.
  7172 | D:6      | Noticed Edmund
  7178 | D:6      | Killed Edmund
  7178 | D:6      | Reached XP level 8. HP: 41/41 MP: 16/20
  7227 | D:6      | Reached skill level 9 in Stealth
  7304 | D:6      | Found a white marble altar of Elyvilon.
  7316 | D:6      | HP: 1/41 [phantom (7)]
  7880 | D:6      | Killed from afar by an electric eel

Skill      XL: |  1  2  3  4  5  6  7  8 |
---------------+-------------------------+-----
Stealth        | 4 5 6 7 8 9 |  9.9
Dodging        | 3 4 |  4.1
Spellcasting   | 4 5 6 7 8 |  8.7
Ice Magic      | 1 2 3 4 |  4.1
Short Blades   | 2 3 |  3.2
Hexes          | |  4.0

Action                   |  1- 3 |  4- 6 |  7- 9 || total
-------------------------+-------+-------+-------++-------
Melee: Dagger            |    62 |   122 |    65 ||   249
 Cast: Corona            |     7 |       |       ||     7
       Ensorcelled Hiber |    23 |    63 |    49 ||   135
       Confuse           |       |    11 |     9 ||    20
Evoke: Wand              |       |       |     1 ||     1
  Use: Scroll            |       |     6 |     1 ||     7
       Potion            |       |     2 |     4 ||     6
 Stab: Sleeping          |    23 |    55 |    30 ||   108
       Distracted        |     1 |       |     1 ||     2
       Confused          |       |     5 |     5 ||    10
       Invisible         |       |       |     2 ||     2
  Eat: Ration            |     1 |     1 |     1 ||     3
       Chunk             |       |     7 |     7 ||    14
Armor: Robe              |     9 |    10 |     1 ||    20
       Skin              |       |     3 |       ||     3
Dodge: Dodged            |    62 |    79 |    44 ||   185
